Cogmind - Beta 16.1 @@@ ROGUE MODE // 2026.04.24 @ 00:48:04 Player: coopco Result: Destroyed by 5L-DIS(R) with Subdweller Laser Performance ------------- Evolutions (0) 0 Regions Visited (3) 600 Robots Destroyed (18) 90 Value Destroyed (543) 543 Prototype IDs (0) 0 Alien Tech Used (0) 0 Bonus (0) 0 TOTAL SCORE: 1233 Bonus ------- None Cogmind --------- Core Integrity 0/250 Matter 169/300 Energy 100/100 System Corruption 0% Temperature Cool (6) Movement Walking (260) Ox2 Location -10/Subcaves Parts ------- > --- POWER (1) -------- (None) > --- PROPULSION (2) --- Aluminum Leg > --- UTILITY (2) ------ Large Storage Unit Visual Processing Unit > --- WEAPON (2) ------- Shotgun > --- INVENTORY (15) --- Ion Engine Subdweller Power Source Light Nuclear Core Aluminum Leg Improved Heat Sink High-capacity Storage Unit Experimental Sensor Array Improved Signal Interpreter Advanced Targeting Computer Actuator Array Hardened Medium Armor Plating Improved Trap Extractor (0/6) Makeshift Sword Peak State ------------ > --- POWER ------------ Subdweller Power Source > --- PROPULSION ------- Aluminum Leg Aluminum Leg > --- UTILITY ---------- Large Storage Unit Visual Processing Unit > --- WEAPON ----------- Shotgun Makeshift Sword > --- INVENTORY -------- Ion Engine Subdweller Power Source Light Nuclear Core Aluminum Leg Improved Heat Sink High-capacity Storage Unit Experimental Sensor Array Improved Signal Interpreter Advanced Targeting Computer Actuator Array Hardened Medium Armor Plating Improved Trap Extractor Shotgun Shotgun [Rating: 17] Favorites ----------- Power Ion Engine Engine Ion Engine Propulsion Light Treads Treads Light Treads Leg Aluminum Leg Utility Visual Processing Unit Storage Large Storage Unit Processor Visual Processing Unit Weapon Shotgun Ballistic Gun Shotgun Slashing Weapon Makeshift Sword Build | -11 -10 -10 -10 ------- Run | Yrd Mat Min Sub Slots Evolved . | . . . . Power . | . . . . Propulsion . | . . . . Utility . | . . . . Weapon . | . . . . Parts Attached 19 | 4 6 4 5 Power 2 | 1 . . 1 Engine 2 | 1 . . 1 Core . | . . . . Reactor . | . . . . Propulsion 5 | 2 . 2 1 Treads 2 | 2 . . . Leg 3 | . . 2 1 Wheel . | . . . . Hover . | . . . . Flight . | . . . . Utility 4 | 1 2 1 . Device . | . . . . Storage 3 | 1 1 1 . Processor 1 | . 1 . . Hackware . | . . . . Protection . | . . . . Artifact . | . . . . Weapon 8 | . 4 1 3 Energy Gun . | . . . . Energy Cannon . | . . . . Ballistic Gun 7 | . 4 1 2 Ballistic Cannon . | . . . . Launcher . | . . . . Special Weapon . | . . . . Impact Weapon . | . . . . Slashing Weapon 1 | . . . 1 Piercing Weapon . | . . . . Special Melee Weapon . | . . . . Unidentified Prototypes . | . . . . Parts Lost 6 | . . . 6 Power 1 | . . . 1 Propulsion 2 | . . . 2 Utility . | . . . . Weapon 3 | . . . 3 Highest Loss Streak 6 | . . . 6 To Critical Strikes . | . . . . Average Backups 11 | 3 9 14 14 Power 1 | . 1 2 2 Propulsion 3 | 1 4 4 1 Utility 3 | . 1 4 8 Weapon 2 | 1 1 3 2 Tool/Special . | . . . . Unused Backups 14 | . . 5 9 Power 2 | . . . 2 Propulsion 2 | . . 1 1 Utility 8 | . . 2 6 Weapon 2 | . . 2 . Tool/Special . | . . . . Average Slot Usage (%) 93 | . 88 100 95 Engine 13 | . 14 14 13 Treads 22 | . 28 24 . Leg 5 | . . 3 25 Storage 14 | . 14 14 14 Processor 11 | . 7 14 14 Ballistic Gun 25 | . 22 28 24 Peak Build Rating 17 | 4 12 15 17 Average Rating 10 | 2 8 13 15 On Entrance 7 | . 4 12 15 Avg Prop Armor Cover (%) . | . . . . Naked Turns . | . . . . Heaviest Build 31 | 10 31 31 31 Greatest Support 40 | 40 40 40 20 Greatest Overweight (x) 3 | 3 . 1 2 Average Overweight (x) . | . . . 1 Largest Inventory Capacity 20 | 8 15 20 15 Average Capacity 13 | 7 11 15 15 Most Carried 15 | 5 15 15 15 Average Carried 11 | 4 9 14 14 Final Capacity 15 | 8 15 15 15 Final Carried 15 | 5 15 15 13 Class Distribution -------------------- 100% | Mutant Dominant Class ---------------- Mutant | -10/Materials Mutant | -10/Mines Mutant | -10/Subcaves Resources | -11 -10 -10 -10 ----------- Run | Yrd Mat Min Sub Matter Collected 579 | 220 267 15 77 Remotely . | . . . . Salvage Created 512 | . 403 . 109 Parts 39 | . 34 . 5 Haulers Intercepted . | . . . . Recyclers Shooed 1 | . 1 . . Parts Field Recycled . | . . . . Retrieved Matter . | . . . . Parts Self-Destructed . | . . . . Prevented . | . . . . Parts Restored . | . . . . Kills | -11 -10 -10 -10 ------- Run | Yrd Mat Min Sub Combat Hostiles Destroyed 16 | . 12 . 4 Guns 16 | . 12 . 4 Classes Destroyed 5 | . 4 . 1 Builder 1 | . 1 . . Watcher 1 | . 1 . . Swarmer 3 | . 3 . . Grunt 9 | . 9 . . Subdweller 4 | . . . 4 Best Kill Streak 5 | . 5 . 2 Combat Bots Only 4 | . 4 . 2 Max Kills in Single Turn 2 | . 2 . 1 Gunslinging . | . . . . Exploded . | . . . . Melee . | . . . . Uniques/NPCs Destroyed . | . . . . Combat | -11 -10 -10 -10 -------- Run | Yrd Mat Min Sub Hostile Shots Fired 118 | . 65 . 53 Missed 31 | . 16 . 15 Hits 87 | . 49 . 38 Projectile 87 | . 49 . 38 AOE 3 | . . . 3 Critical Strikes 2 | . 2 . . Damage Taken 1482 | . 561 18 903 Core 266 | . 79 . 187 Absorbed by Shields . | . . . . Core Remaining (%) 100 | 100 . . . Volleys Fired 47 | . 29 . 18 Largest 2 | . 2 . 2 Hottest 48 | . 46 . 48 Shots Fired 90 | . 58 . 32 Gun 90 | . 58 . 32 Cannon . | . . . . Launcher . | . . . . Special . | . . . . Kinetic 90 | . 58 . 32 Thermal . | . . . . Explosive . | . . . . Electromagnetic . | . . . . Robot Hit Streak 9 | . 9 . 7 Robot Miss Streak 4 | . 4 . 4 Penetration Max . | . . . . Secondary Targets 2 | . 2 . . Max Gunslinging Chain 1 | . 1 . . Shots Hit Robots 69 | . 38 . 31 Core Hits 36 | . 25 . 11 Critical Kills . | . . . . Critical Parts Destroyed 1 | . 1 . . Critical Strikes 1 | . 1 . . Destroy 1 | . 1 . . Melee Attacks 5 | . . . 5 Impact . | . . . . Slashing 5 | . . . 5 Piercing . | . . . . Sneak Attacks . | . . . . Combat Hostiles . | . . . . Follow-up Attacks . | . . . . Damage Inflicted 1132 | . 562 . 570 Guns 987 | . 562 . 425 Cannons . | . . . . Explosions . | . . . . Melee 145 | . . . 145 Ramming . | . . . . Kinetic 987 | . 562 . 425 Thermal . | . . . . Explosive . | . . . . Electromagnetic . | . . . . Impact . | . . . . Slashing 145 | . . . 145 Piercing . | . . . . Highest Corruption . | . . . . Average Corruption . | . . . . Corruption Purged . | . . . . Corruption Blocked . | . . . . Overload Shots . | . . . . Overflow Damage . | . . . . Projectiles . | . . . . Explosions . | . . . . Melee . | . . . . Knockbacks . | . . . . Impact . | . . . . Kinetic . | . . . . Secondary . | . . . . Self-Inflicted Damage . | . . . . Shots . | . . . . Rammed . | . . . . Targets Rammed . | . . . . Kicked . | . . . . Crushed . | . . . . Highest Temperature 24 | . 24 . . Average Temperature 7 | . 7 . . Received Heat Transfer 402 | . 318 . 84 Siege Activations . | . . . . Martial Activations . | . . . . Shielding Activations . | . . . . Robots Disrupted . | . . . . Combat Hostiles . | . . . . Robots Corrupted . | . . . . Combat Hostiles . | . . . . Parts Fried . | . . . . Impact Corruptions . | . . . . Robots Melted . | . . . . Combat Hostiles . | . . . . Parts Melted . | . . . . Heat Transferred . | . . . . Parts Sabotaged . | . . . . Parts Stolen . | . . . . Parts Stripped . | . . . . Power Chain Reactions . | . . . . Alert | -11 -10 -10 -10 ------- Run | Yrd Mat Min Sub Maximum Alert Level . | . . . . Low Security (%) 100 | 100 100 100 . Level 1 . | . . . . Level 2 . | . . . . Level 3 . | . . . . Level 4 . | . . . . Level 5 . | . . . . High Security . | . . . . Max Security . | . . . . Peak Influence 149 | . 149 54 . Initial 54 | . . 54 . Average 19 | . 30 7 . Influence Increases 304 | . 304 . . Destroy 0b10 Robot/C 240 | . 240 . . Destroy 0b10 Robot/NC 10 | . 10 . . Destroy Leader 52 | . 52 . . Destroy Structure 2 | . 2 . . Influence Decreases 304 | . 163 141 . Entered New Map 87 | . . 87 . Time Decay 217 | . 163 54 . Squads Dispatched 3 | . 3 . . Investigation 1 | . 1 . . Extermination . | . . . . Reinforcement 2 | . 2 . . Assault . | . . . . Garrison . | . . . . Intercept . | . . . . Searches Triggered . | . . . . Construction Impeded . | . . . . Haulers Reinforced . | . . . . Active Scanning Responses . | . . . . Cargo Convoy Interrupts . | . . . . Stealth | -11 -10 -10 -10 --------- Run | Yrd Mat Min Sub Distress Signals 2 | . 2 . . Communications Jammed . | . . . . Distress Signals . | . . . . Times Spotted 25 | . 18 . 7 Peak Tracking Total 4 | . 4 . 3 Tactical Retreats . | . . . . Traps | -11 -10 -10 -10 ------- Run | Yrd Mat Min Sub Traps Triggered 2 | . 1 1 . Indirectly . | . . . . Trap Hack Attempts . | . . . . Triggered . | . . . . Disarmed . | . . . . Reprogrammed . | . . . . Reused . | . . . . Traps Extracted . | . . . . Installed . | . . . . Triggered . | . . . . Machines | -11 -10 -10 -10 ---------- Run | Yrd Mat Min Sub Machines Disabled . | . . . . Max in Single Turn . | . . . . Machines Repaired . | . . . . Machines Dismantled . | . . . . Machines Sabotaged . | . . . . Overloaded Fab Kills . | . . . . Hacking | -11 -10 -10 -10 --------- Run | Yrd Mat Min Sub Machines Accessed 1 | . . 1 . Terminals . | . . . . Fabricators . | . . . . Repair Stations . | . . . . Recycling Units . | . . . . Scanalyzers . | . . . . Garrison Access . | . . . . Total Hacks 1 | . . 1 . Successful 1 | . . 1 . Failed . | . . . . Catastrophic . | . . . . Database Lockouts . | . . . . Manual . | . . . . Terminals . | . . . . Fabricators . | . . . . Repair Stations . | . . . . Recycling Units . | . . . . Scanalyzers . | . . . . Garrison Access . | . . . . Terminal Hacks 1 | . . 1 . Open Door 1 | . . 1 . Fabricator Hacks . | . . . . Repair Station Hacks . | . . . . Recycling Unit Hacks . | . . . . Scanalyzer . | . . . . Garrison Access Hacks . | . . . . Unauthorized Hacks . | . . . . Terminals . | . . . . Fabricators . | . . . . Repair Stations . | . . . . Recycling Units . | . . . . Scanalyzers . | . . . . Garrison Access . | . . . . Data Cores Recovered . | . . . . Used . | . . . . Hacking Detections . | . . . . Full Trace Events . | . . . . Feedback Events . | . . . . Feedback Blocked . | . . . . Robot Schematics Acquired . | . . . . Robots Built . | . . . . Authchips . | . . . . Time . | . . . . Total Robot Build Rating . | . . . . Part Schematics Acquired . | . . . . Parts Built . | . . . . Authchips . | . . . . Time . | . . . . Total Part Build Rating . | . . . . Part Studies Acquired . | . . . . Parts Repaired . | . . . . Time . | . . . . Parts Recycled . | . . . . Recycled Matter . | . . . . Retrieved Matter . | . . . . Retrieved Components . | . . . . Parts Scanalyzed . | . . . . Part Schematics Acquired . | . . . . Parts Damaged . | . . . . Bothacking | -11 -10 -10 -10 ------------ Run | Yrd Mat Min Sub Used RIF Installer . | . . . . Robots Hacked . | . . . . Non-combat . | . . . . Combat . | . . . . Robot Hacks Applied . | . . . . Relay Couplers Released . | . . . . Fabnet Peak Effective % . | . . . . Robots Rewired . | . . . . Allies Hacked . | . . . . Hacks Repelled . | . . . . Allies | -11 -10 -10 -10 -------- Run | Yrd Mat Min Sub Total Allies . | . . . . Largest Group . | . . . . Highest-Rated Group . | . . . . Highest-Rated Ally . | . . . . Total Orders . | . . . . Ally Attacks . | . . . . Total Damage . | . . . . Kills . | . . . . Allies Corrupted . | . . . . Allies Melted . | . . . . Intel | -11 -10 -10 -10 ------- Run | Yrd Mat Min Sub Active Infowar (turns) 976 | . 339 436 201 Optics 976 | . 339 436 201 Robot Analysis Total . | . . . . Derelict Logs Recovered 2 | . . 1 1 Drone Launches . | . . . . Drone Recoveries . | . . . . Exploration | -11 -10 -10 -10 ------------- Run | Yrd Mat Min Sub Turns Passed 1299 | 67 595 436 201 Spaces Moved 652 | 38 293 255 66 Core 15 | 15 . . . Treads 541 | 23 293 225 . Legs 96 | . . 30 66 Wheels . | . . . . Hover . | . . . . Flight . | . . . . Fastest Speed 50 | 50 160 160 190 Average Speed 163 | 145 160 163 193 Slowest Speed 260 | 200 160 190 260 Overloaded Moves . | . . . . Propulsion Burnouts . | . . . . Robots Hopped . | . . . . Potential Cave-ins . | . . . . Cave-ins Triggered . | . . . . Exploration Rate (%) 30 | 3 54 55 11 Regions Visited 3 Branch Regions 2 Pre-discovered Areas . | . . . . Known Exits Taken . | . . . . Unknown Exits Taken 3 | 1 1 1 . Scrap Searched 1 | . . 1 . Spaces Dug . | . . . . Terrain Destroyed . | . . . . Melee . | . . . . Projectile . | . . . . AOE . | . . . . Terrain Rammed . | . . . . Walls Destroyed . | . . . . Machines Disabled . | . . . . Actions | -11 -10 -10 -10 --------- Run | Yrd Mat Min Sub Total 791 | 50 362 276 103 Wait 22 | . 16 . 6 Move 649 | 37 292 254 66 Hop . | . . . . Pick Up 33 | 9 15 8 1 Fast Attach 2 | . 1 1 . Attach 9 | 4 2 . 3 Detach . | . . . . Swap 10 | . 3 4 3 Drop 14 | . 4 9 1 Fire 47 | . 29 . 18 Melee 5 | . . . 5 Ram . | . . . . Kick . | . . . . Crush . | . . . . Escape Stasis . | . . . . Rewire . | . . . . Trap . | . . . . Miscellaneous . | . . . . Route ------- -11/Scrapyard -10/Materials (discovered 2 exits: *Mat / *Min) -10/Mines (discovered 2 exits: *Mat / [*Sub]) -10/Subcaves History --------- Turn | Location | Event 18 | -11/Scrapyard | Discovered new exit (range 14) 68 | -11/Scrapyard | Entered Materials 303 | -10/Materials | Build established: Mutant 420 | -10/Materials | Discovered new exit (range 12) 617 | -10/Materials | Discovered new exit (range 9) 663 | -10/Materials | Entered Mines 697 | -10/Mines | Found a damaged Exp. Sensor Array with a note attached 701 | -10/Mines | Found Prototype Device 812 | -10/Mines | A weapon hastily lodged in a ceiling crevice suddenly fell to the ground 846 | -10/Mines | Identified exit to Materials 1024 | -10/Mines | Met a Derelict who couldn't figure out how to use a Trap Extractor 1070 | -10/Mines | Discovered new exit (range 17) 1099 | -10/Mines | Entered Subcaves 1109 | -10/Subcaves | Learned Materials non-interactive machine intel 1274 | -10/Subcaves | A Subdweller sparked back to life 1274 | -10/Subcaves | A Subdweller sparked back to life 1274 | -10/Subcaves | A Subdweller sparked back to life 1286 | -10/Subcaves | Core integrity fell below 50% 1289 | -10/Subcaves | Core integrity fell below 20% 1300 | -10/Subcaves | Destroyed by 5L-DIS(R) with Subdweller Laser Last Messages --------------- 01243_ Subatomizers dissect the Sub. Shrapnel Launcher. 01246_ CY-QPK(R) affixes Scrap Shield Fragment to Scrap Shield. 01249_ Aluminum Leg destroyed. 01249_ CY-QPK(R) destroyed. 01256_ Subatomizers dissect the Disposable Heat Sink. 01256_ Acquired 37 matter. 01260_ Acquired Sub. Power Source. 01274_ Sneak attack on XT-CGA(R). 01274_ XT-CGA(R) creaks and sparks as it begins to move. 01274_ CN-3M7(R) creaks and sparks as it begins to move. 01274_ 5L-DIS(R) creaks and sparks as it begins to move. 01274_ Aluminum Leg destroyed. 01294_ Sub. Power Source destroyed. 01295_ Shotgun destroyed. Map ----- +----------------------------------------------------+ | ?????????????????????????????????????????????????? | | ?????????????????????????????????????????????????? | | ?????????????????????????????????????????????????? | | ?????????????????????????????????????????????????? | | ?????????????????????????????????????????????????? | | ?????????????????????????????????????????????????? | | ?????????????????????????????????????????????????? | | ?????????????????????????????????????????????????? | | ???????????????#?????????????????????????????????? | | ??????????????? ???#"???????????????????????????? | | ????????????????" ??#""??????????????????????????? | | ?????????????????" ##"""?????????????????????????? | | ??????????????????" ""##???????????????????????? | | ???????????????????? ""#???????????????????????? | | ?????????????????????# "#???????????????????????# | | ?????????????????????# " ##########??????????????# | | ????????????????####### "!% # #######??####### | | ????????????????#"" "" ! #### # # | | ???????????????#" ### " " | | ???????????????#???#### #"## ## ] | | ???????????????????# " ######### # " & | | ???????????????????" " < ### #?## ####" | | ???????????????????# " RR #??# #??# | | ???????????????????#< " ## # #?#" | | ???????????????????# # #?#" | | ???????????????????#"#&R @ # # ##?# # | | ?????????????? #?### #??# #" # | | ????????????# ##???###??# ###### | | ????????????###### # #####?????????#####????? | | ?????????????????##### ##??????????????????????? | | ?????????????????????####????????????????????????? | | ?????????????????????????????????????????????????? | | ?????????????????????????????????????????????????? | | ?????????????????????????????????????????????????? | | ?????????????????????????????????????????????????? | | ?????????????????????????????????????????????????? | | ?????????????????????????????????????????????????? | | ?????????????????????????????????????????????????? | | ?????????????????????????????????????????????????? | | ?????????????????????????????????????????????????? | | ?????????????????????????????????????????????????? | | ?????????????????????????????????????????????????? | | ?????????????????????????????????????????????????? | | ?????????????????????????????????????????????????? | | ?????????????????????????????????????????????????? | | | | | | | | | | | +----------------------------------------------------+ Best States ------------- Heat Dissipation 25 Energy Generation 15 Energy Capacity 250 Matter Stores 300 Matter Capacity 300 Sight Range 18 Terrain Scan Density 10 Evasion (%) 40 Recoil Reduction 2 Item Schematics ----------------- None Robot Schematics ------------------ None Fabricated ------------ Nothing Repaired ---------- Nothing Studied --------- None Alien Tech Used ----------------- None Achievements -------------- None Challenges ------------ None Game ------ Seed HardcellHeartParser Manual? 0 Play Time 00:13:57 Cumulative 17.0 hours Start 2026.04.24 @ 00:30:55 End 2026.04.24 @ 00:48:04 Sessions 1 Manual Loads 0 Difficulty Rogue Special Mode None Game No. 24 Rogue 24 Adventurer 0 Explorer 0 Win Type - Total 0 Types 0/0/0/0/0/0/0/0/0/0 Lore% 12 Gallery% 24 Achievement% 22 Wizard Run 0 Options --------- Layout 1 ASCII 0 Keyboard 0 Movement Mouse Keybinds 0 Fullscreen 2 Font 24/Smallcaps Map View 50x35 Zoom Use 0% Tactical HUD 1 Map Filters NONE Filters NONE Steam 1 RUN: c7b97041-949c-48a1-af3e-b9893cea7f9d